 Dungeon Crawl Stone Soup version 0.25.1-8-g42b30a86e7 (webtiles) character file.

Game seed: 5379433529434343516

6692 KamiKatze the Cleaver (level 11, -5/87 HPs)
             Began as a Formicid Fighter on Dec 17, 2020.
             Was a Priest of Okawaru.
             Slain by a sun demon (16 damage)
             ... summoned by an orc sorcerer
             ... led by an orc knight
             ... on level 10 of the Dungeon on Dec 18, 2020.
             The game lasted 00:38:39 (8900 turns).

KamiKatze the Cleaver (Formicid Fighter)            Turns: 8900, Time: 00:38:39

Health: -5/87      AC: 13    Str: 24    XL:     11   Next: 23%
Magic:  21/21      EV: 14    Int:  8    God:    Okawaru [***...]
Gold:   642        SH: 14    Dex: 10    Spells: 10/10 levels left

rFire    . . .     SeeInvis +   S - +1 broad axe (venom)
rCold    . . .     Gourm    .   c - +1 kite shield
rNeg     . . .     Faith    .   G - +4 ring mail {rPois}
rPois    +         Spirit   .   (helmet unavailable)
rElec    .         Reflect  .   j - scarf {+Inv}
rCorr    +         Harm     .   (no gloves)
MR       +....                  b - +0 pair of boots
Stlth    ++........             p - amulet of the acrobat
HPRegen  0.24/turn              C - ring of magical power
MPRegen  0.17/turn              y - ring of resist corrosion

@: heroism
A: permanent stasis, dig shafts and tunnels, four strong arms, antennae 3
a: Dig, Shaft Self, Heroism, Renounce Religion, Evoke Invisibility


You were on level 10 of the Dungeon.
You worshipped Okawaru.
Okawaru was most pleased with you.
You were not hungry.

You visited 2 branches of the dungeon, and saw 11 of its levels.
You also visited: Ossuary.

You collected 642 gold pieces.

Inventory:

Hand Weapons
 a - a +1 war axe
 s - a +0 flail
 F - a +1 flail of holy wrath
 K - a cursed +4 vorpal battleaxe
 L - a cursed +0 battleaxe
 N - a +2 hand axe of flaming
 S - a +1 broad axe of venom (weapon)
Missiles
 e - 382 stones
 i - 18 poisoned darts (quivered)
 H - 7 boomerangs
 I - 4 javelins
Armour
 b - a +0 pair of boots (worn)
 c - a +1 kite shield (worn)
 g - a +0 chain mail
 j - a scarf of invisibility (worn)
 B - a +0 plate armour
 G - a +4 ring mail of poison resistance (worn)
Jewellery
 p - an amulet of the acrobat (around neck)
 y - a ring of resist corrosion (right hand)
 C - a ring of magical power (left hand)
 M - an uncursed ring of ice
Wands
 k - a wand of paralysis (5)
 x - a wand of iceblast (17)
 z - a wand of enslavement (16)
Scrolls
 d - 3 scrolls of fear
 h - 3 scrolls of enchant weapon
 l - 8 scrolls of remove curse
 o - 2 scrolls of fog
 q - 2 scrolls of amnesia
 r - 3 scrolls of enchant armour
 O - 2 scrolls of random uselessness {unknown}
 P - a scroll of magic mapping {unknown}
Potions
 m - 3 potions of mutation
 n - 3 potions of brilliance
 t - 3 potions of stabbing
 u - 3 potions of curing
 v - 6 potions of heal wounds
 w - a potion of magic
 A - 2 potions of flight
 E - 4 potions of lignification
 J - a potion of resistance
 Q - a potion of ambrosia
 R - a potion of haste {unknown}
Comestibles
 f - 22 rations
 D - 2 chunks of flesh


   Skills:
 + Level 8.4(13.4) Fighting
 * Level 10.1(15.1) Axes
 - Level 1.0(6.0) Throwing
 + Level 8.3(13.3) Armour
 + Level 3.3(8.3) Dodging
 + Level 9.2(14.2) Shields
 - Level 2.0 Invocations
 - Level 2.0 Evocations


You had 10 spell levels left.
You didn't know any spells.
Your spell library contained the following spells:

 Spells                   Type           Power        Failure   Level  Hunger
 Summon Small Mammal      Summ           #...         52%         1    ##.....
 Call Imp                 Summ           #.......     65%         2    ###....
 Call Canine Familiar     Summ           #.......     87%         3    ####...
 Summon Guardian Golem    Hex/Summ       #.......     87%         3    ####...
 Summon Ice Beast         Ice/Summ       #.......     99%         4    #####..
 Summon Lightning Spire   Summ/Air       #.......     99%         4    #####..


Dungeon Overview and Level Annotations

Branches:
Dungeon (10/15)            Temple (1/1) D:6         Ossuary (visited)
   Lair: D:8-11         Orc: D:9-12

Altars:
Ashenzari
Cheibriados
Dithmenos
Elyvilon
Fedhas
Gozag
Hepliaklqana
Kikubaaqudgha
Makhleb
Nemelex Xobeh
Okawaru
Qazlal
Ru
Sif Muna
Trog
Uskayaw
Vehumet
Wu Jian
Xom
Yredelemnul
Zin
The Shining One

Shops:
D:5 %}

Annotations:
D:4 1 runed translucent door, Crazy Yiuf


Innate Abilities, Weirdness & Mutations

You cannot be hasted, slowed, berserked, paralysed or teleported.
You can dig through walls and to a lower floor.
Your four strong arms can wield two-handed weapons with a shield.
You have a pair of large antennae on your head. (SInv)


Message History

You slash the orc knight!
The orc knight looks as sick as possible!
The orc knight is almost dead.
You block the red devil's attack.
The orc knight hits you with a +0 halberd!
* * * LOW HITPOINT WARNING * * *
You hit the orc knight.
You kill the orc knight!
Okawaru is honoured by your kill. The red devil closely misses you.
You closely miss the orc sorcerer. You slash the sun demon!
The sun demon is poisoned.
You block the orc sorcerer's attack. You block the sun demon's attack.
The red devil completely misses you.
Unknown command.
You slash the orc sorcerer!
The orc sorcerer is poisoned.
The orc sorcerer is heavily wounded.
You hit the sun demon but do no damage. The sun demon hits you!
* * * LOW HITPOINT WARNING * * *
You are engulfed in flames!
You die...

#### #..# #..# #######..#
###############........########
..............................###
...............3.................
..........(...4o@.......รท........
...............).................
###..............###.....#####...
#........#######.#.....# #...
#........#.......#.....# #...
#.######.+.......#.....# #.## #.#
#.#.......####..# #.# #.#
#.#..........#..# #.# #.#
+.##''##.....#. #.#


You could see a sun demon (summoned, very poisoned), an orc sorcerer (strong,
very poisoned) and a red devil (summoned).

Vanquished Creatures
  Erica (D:9)
  An orc knight (D:10)
  A centaur skeleton (D:8)
  A troll (D:9)
  A hippogriff (D:10)
  A spriggan (D:8)
  2 wyverns (D:9)
  A warg (D:10)
  Edmund (D:4)
  A water moccasin (D:10)
  Duvessa (D:4)
  2 orc warriors
  An ice beast (D:8)
  5 sky beasts
  6 centaurs
  5 ogres
  2 big kobolds
  6 bullfrogs
  2 water moccasin skeletons
  A scorpion (D:5)
  Dowan (D:4)
  7 wights
  A howler monkey (D:4)
  3 crimson imps
  A bullfrog zombie (D:6)
  A human zombie (Ossuary)
  4 centaur zombies (Ossuary)
  2 jellies (D:8)
  A bullfrog skeleton (D:10)
  5 orc priests
  6 hounds
  Ijyb (D:4)
  7 orc wizards
  An iguana (D:3)
  4 worker ants
  3 mummies
  A worker ant zombie (D:5)
  4 gnolls
  11 adders
  2 shadow imps (D:7)
  2 oozes
  2 adder zombies
  2 adder skeletons
  5 worms
  A dart slug (D:5)
  6 leopard geckos
  28 orcs
  2 bats
  8 giant cockroaches
  8 goblins
  5 hobgoblins
  7 jackals (D:7)
  10 kobolds
  2 quokkas
  2 ball pythons
  3 frilled lizards
  11 hobgoblin zombies (Ossuary)
  A jackal skeleton (D:4)
  2 jackal zombies (Ossuary)
  10 kobold zombies (Ossuary)
  2 leopard gecko skeletons
  2 leopard gecko zombies
  6 orc zombies (Ossuary)
  7 rats
  2 rat zombies (Ossuary)
244 creatures vanquished.

Vanquished Creatures (others)
  A rat (D:3)
1 creature vanquished.

Grand Total: 245 creatures vanquished

Notes
Turn   | Place    | Note
-------+----------+-------------------------------------------
     0 | D:1      | KamiKatze the Formicid Fighter began the quest for the Orb.
     0 | D:1      | Reached XP level 1. HP: 18/18 MP: 1/1
     1 | D:1      | Noticed an electric eel
   187 | D:1      | Reached XP level 2. HP: 24/24 MP: 2/2
   414 | D:1      | Reached skill level 1 in Throwing
   584 | D:1      | Reached XP level 3. HP: 26/29 MP: 3/3
   686 | D:2      | Reached skill level 1 in Dodging
  1076 | D:2      | Reached XP level 4. HP: 26/35 MP: 4/4
  1085 | D:2      | Reached skill level 3 in Axes
  1085 | D:2      | Reached XP level 5. HP: 15/42 MP: 5/5
  1690 | D:3      | Noticed a centaur
  1699 | D:3      | Killed a centaur
  1699 | D:3      | Reached XP level 6. HP: 29/48 MP: 6/6
  1796 | D:3      | Reached skill level 4 in Axes
  2045 | D:3      | Found a white marble altar of Elyvilon.
  2562 | D:4      | Reached skill level 5 in Shields
  2562 | D:4      | Reached XP level 7. HP: 51/55 MP: 7/7
  2675 | D:4      | Noticed Ijyb
  2697 | D:5      | Entered Level 5 of the Dungeon
  2924 | D:5      | Found a sand-covered staircase.
  2932 | Ossuary  | Entered an ossuary
  3108 | Ossuary  | Reached skill level 5 in Axes
  3303 | Ossuary  | Reached skill level 5 in Fighting
  3315 | Ossuary  | Reached skill level 5 in Armour
  3394 | D:5      | Reached XP level 8. HP: 49/62 MP: 8/8
  3468 | D:4      | Noticed Dowan
  3468 | D:4      | Noticed Duvessa
  3482 | D:5      | Found a shimmering altar of Xom.
  3485 | D:5      | Found an opulent altar of Gozag.
  3602 | D:4      | Reached skill level 1 in Evocations
  3857 | D:4      | Killed Ijyb
  3870 | D:4      | Noticed Edmund
  4012 | D:4      | Found a glowing golden altar of the Shining One.
  4097 | D:4      | Found a runed translucent door.
  4098 | D:4      | Noticed Crazy Yiuf
  4148 | D:4      | Reached skill level 6 in Axes
  4174 | D:4      | Killed Edmund
  4238 | D:4      | Killed Dowan
  4239 | D:4      | Killed Duvessa
  4254 | D:4      | Found a burning altar of Makhleb.
  4580 | D:5      | Found Haimumun's Food Shoppe.
  4734 | D:5      | Found Peoprar's Gadget Shop.
  4838 | D:5      | Reached XP level 9. HP: 64/69 MP: 10/10
  4987 | D:6      | Reached skill level 7 in Axes
  5236 | D:6      | Found a staircase to the Ecumenical Temple.
  5246 | Temple   | Entered the Ecumenical Temple
  5292 | Temple   | Became a worshipper of Warmaster Okawaru
  6511 | D:8      | Reached * piety under Okawaru
  6534 | D:8      | Reached skill level 8 in Axes
  6534 | D:8      | Reached skill level 1 in Invocations
  6812 | D:8      | Reached XP level 10. HP: 54/77 MP: 11/11
  7130 | D:8      | Found a shattered altar of Ashenzari.
  7148 | D:8      | Reached ** piety under Okawaru
  7311 | D:8      | Reached skill level 9 in Axes
  7680 | D:9      | Noticed Erica
  7690 | D:9      | Killed Erica
  7937 | D:9      | Reached *** piety under Okawaru
  8053 | D:9      | Reached XP level 11. HP: 76/86 MP: 12/12
  8626 | D:10     | Entered Level 10 of the Dungeon
  8724 | D:10     | Reached skill level 10 in Axes
  8827 | D:10     | Noticed an orc knight
  8888 | D:10     | Noticed an orc sorcerer
  8896 | D:10     | Noticed a sun demon
  8898 | D:10     | Killed an orc knight
  8900 | D:10     | Slain by a sun demon

Illustrated notes

Levels and vault maps discovered:
D:1:      arrival_aquarium_a, layout_loops_cross
D:2:      layout_basic, first_ration, dk_noncrumbling_3
D:3:      layout_loops_ring, elyvilon_altar_4,
          wander_ebering_terrifying_dragon_lair
D:4:      cheibrodos_old_hovel, layout_basic, overflow_temple_1_default,
          makhleb_blood_cavern_becter, uniq_ijyb, uniq_crazy_yiuf_cottage,
          uniq_duvessa, uniq_edmund
D:5:      layout_gridville, grunt_temple_overflow_open,
          gup_ossuary_entry_pyramid, serial_shops, nicolae_shop_waterfront,
          nicolae_shop_trees
D:6:      layout_loops_ring, minmay_temple_entry_butterflies, st_stairs_9
D:7:      layout_loops_cross, minmay_crystal_room
D:8:      minmay_octagon_keep, layout_loops_ring, basic_altar, the_bakery
D:9:      layout_loops_cross, hangedman_abyss_or_decor_stabs, uniq_erica
D:10:     layout_irregular_city
Temple:   dpeg_five_rooms_temple

Skill      XL: |  1  2  3  4  5  6  7  8  9 10 11 |
---------------+----------------------------------+-----
Throwing       | 1 |  1.0
Dodging        | 1 2 3 |  3.3
Axes           | 3 4 5 6 8 9 10 | 10.1
Shields        | 4 5 6 7 8 9 |  9.2
Fighting       | 4 5 6 8 |  8.4
Armour         | 4 5 6 8 |  8.3
Evocations     | 2 |  2.0
Invocations    | 1 2 |  2.0

Action                   |  1- 3 |  4- 6 |  7- 9 | 10-12 || total
-------------------------+-------+-------+-------+-------++-------
Melee: War axe           |   111 |   126 |   479 |    30 ||   746
       Broad axe         |       |       |       |   196 ||   196
Throw: Stone             |     8 |     3 |    10 |       ||    21
       Dart              |       |       |    10 |     1 ||    11
       Boomerang         |       |       |     2 |     4 ||     6
Invok: Heroism           |       |       |       |     1 ||     1
  Use: Scroll            |       |       |    19 |     1 ||    20
       Potion            |       |       |     1 |       ||     1
  Eat: Chunk             |     1 |     5 |    11 |     7 ||    24
       Ration            |       |       |     1 |       ||     1
Armor: Scale mail        |    34 |    42 |    69 |       ||   145
       Ring mail         |       |       |    53 |    44 ||    97
Dodge: Dodged            |    39 |    45 |   145 |    75 ||   304
Block: Kite shield       |    75 |    51 |   287 |   132 ||   545
